 Dungeon Crawl Stone Soup version 0.19.1-1-g22dce08 (webtiles) character file.

92 esteth the Skirmisher (level 4, -3/44 HPs)
             Began as a Minotaur Berserker on Jan 3, 2017.
             Was a Believer of Trog.
             Killed from afar by Sigmund (10 damage)
             ... with a magic dart
             ... on level 2 of the Dungeon.
             The game lasted 00:02:59 (1006 turns).

esteth the Skirmisher (Minotaur Berserker)          Turns: 1006, Time: 00:03:00

Health: -3/44      AC:  2    Str: 22    XL:     4   Next: 35%
Magic:  3/3        EV: 12    Int:  4    God:    Trog [**....]
Gold:   86         SH:  0    Dex: 10    Spells: 0 memorised, 3 levels left

rFire  . . .     SeeInvis .     a - +0 hand axe
rCold  . . .     Gourm    .     b - +0 animal skin
rNeg   . . .     Faith    .     (no shield)
rPois  .         Spirit   .     (helmet restricted)
rElec  .         Reflect  .     (no cloak)
rCorr  .         Harm     .     (no gloves)
MR     .....                    (no boots)
Stlth  +.........               (no amulet)
                                (no ring)
                                (no ring)

@: no status effects
A: retaliatory headbutt, horns 2
a: Berserk, Trog's Hand, Burn Spellbooks, Renounce Religion


You were on level 2 of the Dungeon.
You worshipped Trog.
Trog was pleased with you.
You were not hungry.

You visited 1 branch of the dungeon, and saw 2 of its levels.

You collected 86 gold pieces.

Inventory:

Hand Weapons
 a - a +0 hand axe (weapon)
Armour
 b - a +0 animal skin (worn)
Scrolls
 e - a scroll of immolation {unknown}
 i - a scroll of teleportation {unknown}
Potions
 d - a potion of degeneration {unknown}
 h - a potion of invisibility {unknown}
 j - 2 potions of curing {unknown}
Comestibles
 c - a bread ration
 f - a beef jerky
 g - 2 fruits


   Skills:
 * Level 6.3 Fighting
 - Level 3.6 Axes
 - Level 2.4 Armour
 - Level 2.1 Dodging


You had 3 spell levels left.
You didn't know any spells.

Dungeon Overview and Level Annotations

Branches:
Dungeon (2/15)

Altars:

Annotations:
D:2 Sigmund


Innate Abilities, Weirdness & Mutations

You reflexively headbutt those who attack you in melee.
You have a pair of horns on your head.


Message History

You closely miss Natasha.
Natasha is almost dead.
You barely miss the crimson imp.
The crimson imp hits you but does no damage.
Natasha misses you. You furiously retaliate!
You headbutt Natasha.
You kill Natasha!
Trog accepts your kill.
Trog appreciates your killing of a magic user.
Natasha screams in pain as she dies!
The crimson imp disappears in a puff of smoke!
Your Fighting skill increases to level 6!
A goblin and Sigmund come into view.
Sigmund shouts!
The goblin shouts!
The goblin wields a hunting sling.
The goblin shoots a stone.
The stone hits you.
* * * LOW HITPOINT WARNING * * *
You see here a stone.
Sigmund points at you and mumbles some strange words.
The magic dart hits you!
You die...

..# ..# . ... ..
#@. .#. g #.#
##....## ...##
#.####...#....
#....#ยง##...#
#..# #...(@..#
#...
#...##....## ..#
## ##..<.##.#
##.#....#
##.##...##.#
##..###.....# .
##...........#
..
##......##.##..#
...###.......#
.# ...


You could see Sigmund.

Vanquished Creatures
  Natasha (twice) (D:2)
  An adder (D:2)
  A dart slug (D:1)
  4 bats (D:1)
  3 goblins (D:1)
  6 hobgoblins (D:1)
  3 jackals (D:1)
  3 kobolds (D:1)
  5 frilled lizards
  2 rats
30 creatures vanquished.

Notes
Turn   | Place    | Note
-------+----------+-------------------------------------------
     0 | D:1      | esteth the Minotaur Berserker began the quest for the Orb.
     0 | D:1      | Reached XP level 1. HP: 19/19 MP: 0/0
    42 | D:1      | Reached skill level 4 in Fighting
   162 | D:1      | Reached XP level 2. HP: 24/28 MP: 1/1
   337 | D:1      | Reached ** piety under Trog
   337 | D:1      | Reached skill level 5 in Fighting
   680 | D:1      | Reached XP level 3. HP: 36/36 MP: 2/2
   763 | D:2      | Noticed Natasha
   769 | D:2      | Killed Natasha
   946 | D:2      | Reached XP level 4. HP: 44/44 MP: 3/3
   990 | D:2      | Noticed Natasha
  1004 | D:2      | Killed Natasha
  1004 | D:2      | Reached skill level 6 in Fighting
  1005 | D:2      | Noticed Sigmund
  1006 | D:2      | Killed from afar by Sigmund

Skill      XL: |  1  2  3  4 |
---------------+-------------+-----
Fighting       | 4 5 6 |  6.3
Axes           | |  3.6
Armour         | |  2.4
Dodging        | |  2.1

Action                   |  1- 3 |  4- 6 || total
-------------------------+-------+-------++-------
Melee: Hand axe          |    52 |    12 ||    64
       Headbutt          |     8 |     1 ||     9
 Stab: Sleeping          |     2 |       ||     2
Armor: Animal skin       |    10 |     3 ||    13
Dodge: Dodged            |    41 |     6 ||    47
